 Dungeon Crawl Stone Soup version 0.28.0-45-g0d030f2227 (webtiles) character file.

Game seed: 15708205641945630864

19 Descartes the Grasshopper (level 2, 0/22 HPs)
             Began as a Formicid Warper on Apr 9, 2022.
             Slain by a goblin
             ... wielding a +0 dagger
             ... led by Robin
              (2 damage)
             ... on level 1 of the Dungeon.
             The game lasted 00:01:42 (972 turns).

Descartes the Grasshopper (Formicid Warper)          Turns: 972, Time: 00:01:43

Health: 0/22       AC: 10    Str: 15    XL:     2   Next: 95%
Magic:  5/5        EV:  4    Int: 12    God:
Gold:   56         SH:  0    Dex: 10    Spells: 5/5 levels left

rFire   . . .      SeeInvis +   h - +2 whip (venom)
rCold   . . .      Faith    .   (no shield)
rNeg    . . .      Spirit   .   i - +0 plate armour
rPois   .          Reflect  .   (helmet unavailable)
rElec   .          Harm     .   (no cloak)
rCorr   .          Rampage  .   (no gloves)
Will    .....                   (no boots)
Stlth   ..........              (no amulet)
HPRegen 0.07/turn               d - ring of wizardry
MPRegen 0.09/turn               (no ring)

@: no status effects
A: permanent stasis, dig shafts and tunnels, antennae 3, four strong arms
a: Dig, Shaft Self


You were on level 1 of the Dungeon.
You visited 1 branch of the dungeon, and saw 2 of its levels.

You collected 56 gold pieces.

Inventory:

Hand Weapons
 a - a +0 hand axe
 h - a +2 whip of venom (weapon)
Missiles
 c - 5 boomerangs of dispersal (quivered)
 e - 25 stones
Armour
 b - a +0 leather armour
 i - a +0 plate armour (worn)
Jewellery
 d - a ring of wizardry (left hand)
Scrolls
 g - a scroll of fear {unknown}
 j - a scroll of teleportation {unknown}
Potions
 f - a potion of heal wounds {unknown}
 k - 2 potions of curing {unknown}
 l - a potion of flight {unknown}


   Skills:
 - Level 2.1 Fighting
 + Level 2.4 Axes
 - Level 1.0 Throwing
 + Level 1.9 Armour
 - Level 1.7 Dodging
 - Level 2.1 Spellcasting
 + Level 3.0 Translocations


You had 5 spell levels left.
You didn't know any spells.
Your spell library contained the following spells:

 Spells                   Type           Power      Damage    Failure   Level
 Gell's Gravitas          Tloc           8%         N/A       99%         3
 Lesser Beckoning         Tloc           8%         N/A       99%         3
 Teleport Other           Tloc           8%         N/A       99%         3
 Call Canine Familiar     Summ           1%         N/A       100%        3
 Portal Projectile        Hex/Tloc       8%         N/A       100%        3
 Leda's Liquefaction      Hex/Erth       0%         N/A       100%        4
 Manifold Assault         Tloc           8%         N/A       100%        5
 Blink                    Tloc           Unusable   N/A       N/A         2

Dungeon Overview and Level Annotations

Branches:
Dungeon (2/15)

Altars:

Annotations:
D:2 Robin


Innate Abilities, Weirdness & Mutations

You cannot be hasted, slowed, berserked, paralysed or teleported.
You can dig through walls and to a lower floor.
You have a pair of large antennae on your head. (SInv)
Your four strong arms can wield two-handed weapons with a shield.


Message History

You hit the goblin.
The goblin is poisoned.
The goblin is heavily wounded.
You kill the goblin!
The hobgoblin barely misses you.
Items here: ( )) †.
An adder comes into view.
Robin says, "Feeling lonely?"
Robin throws the goblin at you!
There is a stone staircase leading up here.
The hobgoblin barely misses you. The goblin hits you but does no damage.
You climb upwards.
There is a stone staircase leading down here.
You are too injured to fight recklessly!
You are too injured to fight recklessly!
You are too injured to fight recklessly!
You closely miss the goblin. The hobgoblin hits you.
* * * LOW HITPOINT WARNING * * *
The goblin hits you with a +0 dagger.
* * * LOW HITPOINT WARNING * * *
You hit the goblin.
The goblin is heavily wounded.
The hobgoblin hits you.
* * * LOW HITPOINT WARNING * * *
The goblin hits you but does no damage.
You barely miss the goblin.
The goblin is heavily wounded.
The hobgoblin hits you but does no damage.
The goblin hits you but does no damage.
You barely miss the goblin.
The goblin is heavily wounded.
The hobgoblin barely misses you. The goblin hits you but does no damage.
Unknown command.
The goblin hits you but does no damage.
The hobgoblin no longer looks unusually strong.
The goblin no longer looks unusually strong.
You barely miss the hobgoblin.
The hobgoblin is moderately wounded.
The hobgoblin hits you but does no damage.
The goblin hits you with a +0 dagger.
You die...

..........##.).......##.# #.#
)...#####.........##....# ##.#
....# ####......###.#### #..#
....# ####.......##....###.##
....# #..........##.##...#.##
....# #.........).#.####....##
...## #.............# #..#..##
...##
#..........#..####.###...
....# #.......@..#.......#
###. ....#
#######gg#....###### #. ....##
##...#....###.....## #.
.....###.....>...###..##..##
##
......................###..##
#
........................##..##
#
..#####...........#.###..##..#
# ### ###..........##.#
#..###.####
#.......#.......###..###.....


You could see a hobgoblin and a goblin.

Vanquished Creatures
  3 giant cockroaches (D:1)
  3 goblins
  3 hobgoblins (D:1)
  2 jackals (D:1)
  2 bats (D:1)
  2 kobolds (D:1)
  A rat (D:1)
16 creatures vanquished.

Vanquished Creatures (others)
  4 toadstools (D:1)
4 creatures vanquished.

Grand Total: 20 creatures vanquished

Notes
Turn   | Place    | Note
-------+----------+-------------------------------------------
     0 | D:1      | Descartes the Formicid Warper began the quest for the Orb.
     0 | D:1      | Reached XP level 1. HP: 16/16 MP: 3/3
   386 | D:1      | Reached XP level 2. HP: 22/22 MP: 5/5
   852 | D:1      | Reached skill level 3 in Translocations
   953 | D:2      | Noticed Robin
   972 | D:1      | Slain by a goblin

Illustrated notes

Levels and vault maps discovered:
D:1:      ldierk_walled_garden_2, layout_rooms
D:2:      layout_basic, basic_altar, uniq_natasha, uniq_robin

Skill      XL: |  1  2 |
---------------+-------+-----
Translocations | 3 |  3.0
Fighting       | |  2.1
Axes           | |  2.4
Throwing       | |  1.0
Armour         | |  1.9
Dodging        | |  1.7
Spellcasting   | |  2.1

Action                   || total
-------------------------++-------
Melee: Hand axe          ||    12
       Whip              ||    43
Armor: Leather armour    ||     3
       Plate armour      ||    49
Dodge: Dodged            ||    18
